 Dungeon Sprint DCSS version 0.20-a0-1126-g0f15420 (webtiles) character file.

24962 potatolord6000 the Tortoise (level 12, 0/133 HPs)
             Began as a Deep Dwarf Fighter on May 17, 2017.
             Was an Initiate of Gozag.
             Succumbed to a ghost moth's poison
             ... in the Dungeon (Sprint IX: "|||||||||||||||||||||||||||||").
             The game lasted 00:11:44 (2031 turns).

potatolord6000 the Tortoise (Deep Dwarf Fighter)    Turns: 2031, Time: 00:11:45

Health: 0/133      AC: 47    Str: 24    XL:     12   Next: 85%
Magic:  2/35       EV:  6    Int: 18    God:    Gozag
Gold:   1071       SH:  0    Dex: 14    Spells: 38/38 levels left

rFire    . . .     SeeInvis +   n - +2 war axe of Perfectionism {holy, MP+9 Str-2 SInv}
rCold    . . .     Gourm    .   (no shield)
rNeg     + + .     Faith    .   a - +7 crystal plate armour of Plasticity {rN++ Int+3 SInv}
rPois    .         Spirit   .   y - +1 helmet of Sith {Int+3 Dex+2}
rElec    .         Reflect  .   w - +0 cloak
rCorr    .         Harm     .   u - +2 pair of gloves {Str+3}
MR       +....     NoTele   +   g - +1 pair of boots {Fly}
Stlth    ..........             (no amulet)
Regen    0.0/turn               o - +2 ring of protection
MPRegen  0.3/turn               b - +3 ring of intelligence

@: lethally poisoned (0 -> -3), gold aura, flying, non-regenerating
A: damage resistance, heal wounds, molten scales 1, sense surroundings 2, weak
1, no regeneration
a: Heal Wounds, Potion Petition, Call Merchant, Bribe Branch, Renounce Religion,
Stop Flying


You were in the Dungeon.
You worshipped Gozag.
Gozag was most pleased with you.
You were not hungry.

You visited 1 branch You collected 9497 gold pieces.
You spent 4589 gold pieces at shops.
You paid 3837 gold pieces to Gozag.

Inventory:

Hand Weapons
 n - the +2 war axe of Perfectionism (weapon) {holy, MP+9 Str-2 SInv}
   (You bought it in a shop in the Dungeon)

   It has been blessed by the Shining One to cause great damage to the undead
   and demons.
   It affects your strength (-2).
   It affects your magic capacity (+9).
   It lets you see invisible.
Armour
 a - the +7 crystal plate armour of Plasticity (worn) {rN++ Int+3 SInv}
   (You bought it in a shop in the Dungeon)

   It affects your intelligence (+3).
   It greatly protects you from negative energy.
   It lets you see invisible.
 g - a +1 pair of boots of flying (worn)
 u - a +2 pair of gloves of strength (worn)
 w - a +0 cloak (worn)
 y - the +1 helmet of Sith (worn) {Int+3 Dex+2}
   (You bought it in a shop in the Dungeon)

   It affects your intelligence (+3).
   It affects your dexterity (+2).
Jewellery
 b - a +3 ring of intelligence (right hand)
 o - a +2 ring of protection (left hand)
Scrolls
 h - 4 scrolls of remove curse
 k - 3 scrolls of blinking
 l - 2 scrolls of amnesia
 p - 2 scrolls of fog
 r - a scroll of recharging
 s - 2 scrolls of fear
Potions
 c - a potion of invisibility
 e - 10 potions of curing
 i - 4 potions of magic
 j - a potion of berserk rage
 x - a potion of agility
Comestibles
 d - 41 fruits
 f - 12 bread rations
 v - 12 meat rations


   Skills:
 + Level 15.6 Fighting
 + Level 17.9 Axes
 + Level 18.0 Armour
   Level 3.2 Shields
 + Level 13.9 Spellcasting


You had 38 spell levels left.
You didn't know any spells.

Dungeon Overview and Level Annotations

Branches:
Dungeon (1/1)

Altars:
Cheibriados
Dithmenos
Elyvilon
Fedhas
Gozag
Hepliaklqana
Kikubaaqudgha
Makhleb
Nemelex Xobeh
Okawaru
Qazlal
Ru
Sif Muna
Trog
Uskayaw
Vehumet
Wu Jian
Xom
Yredelemnul
Zin
The Shining One
Beogh
Jiyva
Lugonu

Shops:
D [[[[?[}(


Innate Abilities, Weirdness & Mutations

You are resistant to damage.
You can heal yourself by infusing magical energy.
You passively map the area around you.
You do not regenerate.
You are partially covered in molten scales. (AC +2)
You are weak. (Str -2)


Message History

Unknown command.
You closely miss the wolf spider.
The wolf spider is severely wounded.
You feel sick. The wolf spider hits you!
* * * LOW HITPOINT WARNING * * *
The wolf spider bites you but does no damage.
Unknown command.
You slash the wolf spider!
The wolf spider is almost dead.
* * * LOW HITPOINT WARNING * * *
You feel sick.
The wolf spider is no longer distracted by gold.
The wolf spider hits you but does no damage.
The wolf spider bites you but does no damage.
The wolf spider hits you but does no damage.
The wolf spider bites you but does no damage.
You slash the wolf spider!
You kill the wolf spider!
You die...
Your body crumbles into a pile of gold.

, , ,, ** ** ** * ** ** , , , ,
,, , * * * * * * * ,, ,,,, , , ,
, , ,, , * * ** *** ** ,, ,, , ,
, ▓▓▓▓▓▓▓▓▓▓▓▓▓▓▓▓▓▓▓▓▓▓▓▓ ** * *
..............s$@$s..... , ,
▓▓▓▓▓▓▓▓▓▓▓▓▓▓▓▓▓▓▓▓▓▓▓▓♣♣♣♣♣♣♣♣♣
.................................
▓▓▓▓▓▓▓▓▓▓▓▓▓▓▓▓▓▓▓▓▓▓▓▓▓▓▓▓▓▓▓▓▓
........'.=.=.)))))))).[[[[[[[[..
▓▓▓▓▓▓▓▓▓▓▓▓▓▓▓▓▓▓▓▓▓▓▓▓▓▓▓▓▓▓▓▓▓
.................................
▓▓▓▓▓▓▓▓▓▓▓▓▓▓▓▓▓▓▓▓▓▓▓▓▓▓▓▓▓▓▓▓▓
............)[[[.[........[.[)[[[


You could see a wolf spider and a jumping spider.

Vanquished Creatures
  A ghost moth (D)
  A spark wasp (D)
  A hydra (D)
  2 rakshasas (D)
  5 two-headed ogres (D)
  6 ogre magi (D)
  An orc high priest (D)
  A tengu warrior (D)
  An unseen horror (D)
  5 lindwurms (D)
  3 orc knights (D)
  A wizard (D)
  An orb spider (D)
  A wolf spider (D)
  An ugly thing (D)
  3 spiny frogs (D)
  Psyche (D)
  A yaktaur (D)
  A kobold demonologist (D)
  An efreet (D)
  2 komodo dragons (D)
  2 jumping spiders (D)
  2 trolls (D)
  A blink frog (D)
  A hippogriff (D)
  A tarantella (D)
  Eustachio (D)
  A yak (D)
  A vampire mosquito (D)
  2 water moccasins (D)
  3 porcupines (D)
  9 orc warriors (D)
  3 ogres (D)
  A centaur (D)
  2 crocodiles (D)
  3 bullfrogs (D)
  A gnoll sergeant (D)
  A killer bee (D)
  2 crimson imps (D)
  A quasit (D)
  2 hounds (D)
  3 orc priests (D)
  4 orc wizards (D)
  An iguana (D)
  A worker ant (D)
  An adder (D)
  An adder zombie (D)
  4 worms (D)
  A leopard gecko (D)
  6 orcs (D)
  A giant cockroach (D)
  A goblin (D)
  A kobold (D)
  A quokka (D)
  A ball python simulacrum (D)
  A frilled lizard (D)
  A rat (D)
109 creatures vanquished.

Vanquished Creatures (others)
  A vampire mosquito (D)
1 creature vanquished.

Grand Total: 110 creatures vanquished

Notes
Turn   | Place    | Note
-------+----------+-------------------------------------------
     0 | D        | potatolord6000 the Deep Dwarf Fighter began the quest for the Orb.
     0 | D        | Reached XP level 1. HP: 20/20 MP: 1/1
    20 | D        | Reached skill level 4 in Armour
   127 | D        | Noticed a worker ant
   127 | D        | Noticed an iguana
   146 | D        | Killed a worker ant
   146 | D        | Reached skill level 5 in Armour
   146 | D        | Reached XP level 2. HP: 9/30 MP: 2/2
   146 | D        | Reached XP level 3. HP: 11/36 MP: 3/3
   149 | D        | Reached skill level 5 in Axes
   158 | D        | Reached XP level 4. HP: 13/45 MP: 4/4
   165 | D        | Found a roughly hewn altar of Beogh.
   165 | D        | Found a snail-covered altar of Cheibriados.
   165 | D        | Found a shadowy altar of Dithmenos.
   165 | D        | Found a white marble altar of Elyvilon.
   165 | D        | Found a blossoming altar of Fedhas.
   165 | D        | Found an opulent altar of Gozag.
   166 | D        | Found a hazy altar of Hepliaklqana.
   167 | D        | Found a viscous altar of Jiyva.
   168 | D        | Found an ancient bone altar of Kikubaaqudgha.
   169 | D        | Found a corrupted altar of Lugonu.
   170 | D        | Found a burning altar of Makhleb.
   171 | D        | Found a sparkling altar of Nemelex Xobeh.
   172 | D        | Found an iron altar of Okawaru.
   173 | D        | Became a worshipper of Gozag Ym Sagoz the Greedy
   174 | D        | Found a stormy altar of Qazlal.
   175 | D        | Found a sacrificial altar of Ru.
   176 | D        | Found a deep blue altar of Sif Muna.
   177 | D        | Found a bloodstained altar of Trog.
   178 | D        | Found a hide-covered altar of Uskayaw.
   179 | D        | Found a radiant altar of Vehumet.
   180 | D        | Found an ornate altar of the Wu Jian Council.
   181 | D        | Found a shimmering altar of Xom.
   182 | D        | Found a basalt altar of Yredelemnul.
   183 | D        | Found a glowing silver altar of Zin.
   184 | D        | Found a glowing golden altar of the Shining One.
   236 | D        | Noticed a troll
   240 | D        | Reached skill level 5 in Fighting
   240 | D        | Reached skill level 6 in Armour
   240 | D        | Reached skill level 1 in Spellcasting
   258 | D        | Reached skill level 7 in Armour
   258 | D        | Reached XP level 5. HP: 46/55 MP: 6/8
   278 | D        | Killed an unseen horror
   278 | D        | Reached skill level 9 in Armour
   278 | D        | Reached skill level 5 in Spellcasting
   278 | D        | Reached XP level 6. HP: 12/67 MP: 8/14
   278 | D        | Reached XP level 7. HP: 13/74 MP: 8/15
   281 | D        | Killed a troll
   281 | D        | Reached skill level 10 in Armour
   281 | D        | HP: 2/75 [killer bee (5)]
   294 | D        | Noticed a kobold demonologist
   298 | D        | Killed a kobold demonologist
   298 | D        | Reached skill level 10 in Axes
   298 | D        | Reached XP level 8. HP: 85/85 MP: 11/18
   304 | D        | Reached skill level 11 in Armour
   442 | D        | Noticed a komodo dragon
   442 | D        | Noticed a spiny frog
   444 | D        | Killed a komodo dragon
   448 | D        | Noticed a hippogriff
   450 | D        | Noticed a spiny frog
   457 | D        | Reached skill level 10 in Fighting
   460 | D        | Killed a spiny frog
   460 | D        | Reached skill level 12 in Armour
   460 | D        | Gained mutation: You passively map the area around you. [Deep Dwarf growth]
   460 | D        | Reached XP level 9. HP: 70/93 MP: 19/21
   467 | D        | Killed a spiny frog
   486 | D        | Bought a slimy helmet for 342 gold pieces
   486 | D        | Bought a pair of glowing gloves for 270 gold pieces
   491 | D        | Identified the cursed +0 helmet of Moral Flaws {rPois} (You bought it in a shop in the Dungeon)
   514 | D        | Noticed a spiny frog
   514 | D        | Noticed a lindwurm
   514 | D        | Noticed a komodo dragon
   522 | D        | Killed a spiny frog
   526 | D        | Killed a lindwurm
   526 | D        | Reached skill level 13 in Armour
   530 | D        | Killed a komodo dragon
   530 | D        | Reached XP level 10. HP: 72/105 MP: 23/23
   593 | D        | Noticed a lindwurm
   593 | D        | Noticed a lindwurm
   593 | D        | Noticed a lindwurm
   612 | D        | Killed a lindwurm
   612 | D        | Reached skill level 10 in Spellcasting
   620 | D        | Noticed a lindwurm
   625 | D        | Killed a lindwurm
   629 | D        | Killed a lindwurm
   629 | D        | Reached skill level 14 in Armour
   639 | D        | Killed a lindwurm
   866 | D        | Noticed an orc knight
   866 | D        | Noticed an orc knight
   875 | D        | Noticed an orc high priest
   878 | D        | Killed an orc knight
   883 | D        | Killed an orc knight
   889 | D        | Reached XP level 11. HP: 49/115 MP: 25/25
   890 | D        | Noticed an orc knight
   923 | D        | Killed an orc high priest
   941 | D        | Killed an orc knight
   941 | D        | Reached skill level 15 in Armour
  1155 | D        | Bought a pitted crystal plate armour for 3060 gold pieces
  1166 | D        | Identified the +7 crystal plate armour of Plasticity {rN++ Int+3 SInv} (You bought it in a shop in the Dungeon)
  1281 | D        | Bought a +1 pair of boots of flying for 214 gold pieces
  1328 | D        | Found Imuitra's Armour Emporium.
  1328 | D        | Noticed a two-headed ogre
  1328 | D        | Noticed an ogre mage
  1328 | D        | Noticed a two-headed ogre
  1328 | D        | Noticed a two-headed ogre
  1334 | D        | Noticed a two-headed ogre
  1334 | D        | Killed a two-headed ogre
  1334 | D        | Reached skill level 15 in Axes
  1338 | D        | Killed an ogre mage
  1341 | D        | Killed a two-headed ogre
  1343 | D        | Killed a two-headed ogre
  1351 | D        | Killed a two-headed ogre
  1354 | D        | Found Unekhlob's Magic Scroll Shoppe.
  1360 | D        | Found Hiennaen's Armour Emporium.
  1362 | D        | Noticed an ogre mage
  1363 | D        | Found Sarepsat's Gadget Shoppe.
  1363 | D        | Noticed an ogre mage
  1364 | D        | Noticed an ogre mage
  1366 | D        | Noticed an ogre mage
  1369 | D        | Killed an ogre mage
  1369 | D        | Reached skill level 16 in Armour
  1370 | D        | Noticed a two-headed ogre
  1383 | D        | Killed an ogre mage
  1386 | D        | Killed an ogre mage
  1391 | D        | Killed an ogre mage
  1391 | D        | Reached XP level 12. HP: 117/129 MP: 26/26
  1397 | D        | Killed a two-headed ogre
  1455 | D        | Bought an ichor-stained war axe for 229 gold pieces
  1455 | D        | Identified the +2 war axe of Perfectionism {holy, MP+9 Str-2 SInv} (You bought it in a shop in the Dungeon)
  1522 | D        | Noticed Eustachio
  1541 | D        | Killed Eustachio
  1547 | D        | Noticed Psyche
  1553 | D        | Killed Psyche
  1646 | D        | Gained mutation: You possess an exceptional clarity of mind. [potion of mutation]
  1646 | D        | Gained mutation: Your spells are a little harder to cast, but a little more powerful. [potion of mutation]
  1647 | D        | Lost mutation: Your spells are a little harder to cast, but a little more powerful. [potion of mutation]
  1647 | D        | Lost mutation: You possess an exceptional clarity of mind. [potion of mutation]
  1647 | D        | Gained mutation: Your system is resistant to poisons. (rPois) [potion of mutation]
  1647 | D        | Gained mutation: You are clumsy. (Dex -2) [potion of mutation]
  1647 | D        | Gained mutation: You are frail. (-10% HP) [potion of mutation]
  1647 | D        | Gained mutation: You evolve. [potion of mutation]
  1648 | D        | Lost mutation: You are frail. (-10% HP) [potion of mutation]
  1648 | D        | Lost mutation: You are clumsy. (Dex -2) [potion of mutation]
  1648 | D        | Lost mutation: You evolve. [potion of mutation]
  1648 | D        | Lost mutation: Your system is resistant to poisons. (rPois) [potion of mutation]
  1648 | D        | Gained mutation: You are weak. (Str -2) [potion of mutation]
  1648 | D        | Gained mutation: You are partially covered in molten scales. (AC +2) [potion of mutation]
  1669 | D        | Noticed an eight-headed hydra
  1689 | D        | Killed a 20-headed hydra
  1693 | D        | Noticed a tengu warrior
  1700 | D        | Noticed a rakshasa
  1706 | D        | Noticed an ogre mage
  1710 | D        | Noticed a rakshasa
  1719 | D        | Killed a rakshasa
  1719 | D        | Reached skill level 17 in Armour
  1736 | D        | Killed a tengu warrior
  1751 | D        | Killed an ogre mage
  1751 | D        | Reached skill level 15 in Fighting
  1761 | D        | Killed a rakshasa
  1799 | D        | Bought a pair of polished gloves for 237 gold pieces
  1799 | D        | Bought a shimmering helmet for 237 gold pieces
  1799 | D        | Identified the +1 pair of gloves of the Hunter {+Blink rN+ MR-} (You bought it in a shop in the Dungeon)
  1800 | D        | Identified the +1 helmet of Sith {Int+3 Dex+2} (You bought it in a shop in the Dungeon)
  1981 | D        | Noticed a spark wasp
  1981 | D        | Noticed a ghost moth
  2008 | D        | Killed a spark wasp
  2022 | D        | Killed a ghost moth
  2022 | D        | Reached skill level 18 in Armour
  2029 | D        | HP: 3/132 [wolf spider (4)]
  2031 | D        | Succumbed to a ghost moth's poison

Vault maps used:
D:        linesprint

Skill      XL: |  1  2  3  4  5  6  7  8  9 10 11 12 |
---------------+-------------------------------------+-----
Fighting       | 4 5 8 9 10 11 12 14 15 | 15.6
Axes           | 4 5 6 9 10 11 12 14 16 17 | 17.9
Armour         | 5 7 9 10 12 13 14 16 18 | 18.0
Spellcasting   | 2 5 6 8 9 10 12 13 | 13.9
Shields        | |  3.2

Action                   |  1- 3 |  4- 6 |  7- 9 | 10-12 || total
-------------------------+-------+-------+-------+-------++-------
Melee: War axe           |    41 |       |       |   153 ||   194
       Broad axe         |       |    41 |    60 |   252 ||   353
Invok: Call Merchant     |       |       |     1 |     3 ||     4
 Abil: Heal Wounds       |       |     2 |     5 |    23 ||    30
  Use: Potion            |     1 |     1 |       |    10 ||    12
       Scroll            |       |       |     1 |     2 ||     3
 Stab: Distracted        |       |       |       |     2 ||     2
  Eat: Bread ration      |       |       |       |     1 ||     1
Armor: Scale mail        |    17 |    69 |    24 |    80 ||   190
       Crystal plate arm |       |       |       |   292 ||   292
Dodge: Dodged            |     7 |    28 |    16 |   162 ||   213
